TOP OF THE 1ST |
Cape Cod Clams batting - Pitching for Detroit X-Wings : RHP Bernardo Hernández
|
Pitching: RHP Bernardo Hernández
|
|
Batting: SHB Ed Dale
|
0-0: Ball 1-0: Bunted foul 1-1: Ground out 4-3 (Groundball, 4)
|
Batting: RHB John Pick
|
0-0: Ball 1-0: Ball 2-0: Called Strike 2-1: Swinging Strike 2-2: Ball 3-2: Foul Ball, location: 2F 3-2: Base on Balls
|
Batting: LHB Willie Wallace
|
0-0: Called Strike 0-1: SINGLE (Flyball, 8LS) John Pick to second
|
Batting: RHB Wilbert Rodgers
|
0-0: Ball 1-0: Ball 2-0: Ball 3-0: Called Strike 3-1: Foul Ball, location: 2F 3-2: Foul Ball, location: 2F 3-2: Strikes out swinging
|
Batting: RHB Jesús Hernández
|
0-0: Swinging Strike 0-1: Foul Ball, location: 2F 0-2: Strikes out looking
|
Top of the 1st over - 0 run(s), 1 hit(s), 0 error(s), 2 left on base; Cape Cod 0 - Detroit 0 |
BOTTOM OF THE 1ST |
Detroit X-Wings batting - Pitching for Cape Cod Clams : RHP Alfredo Montero
|
Pitching: RHP Alfredo Montero
|
|
Batting: RHB Gary Witt
|
0-0: Ball 1-0: Ground out 6-3 (Groundball, 6)
|
Batting: SHB Felipe Detorres
|
0-0: Ball 1-0: Ground out 6-3 (Groundball, 6M)
|
Batting: LHB Jeremy Cox
|
0-0: Ball 1-0: Ball 2-0: Ball 3-0: Base on Balls
|
Batting: RHB Vincente Encarnación
|
0-0: Called Strike 0-1: Ground out 5-3 (Groundball, 56)
|
Bottom of the 1st over - 0 run(s), 0 hit(s), 0 error(s), 1 left on base; Cape Cod 0 - Detroit 0 |
TOP OF THE 2ND |
Cape Cod Clams batting - Pitching for Detroit X-Wings : RHP Bernardo Hernández
|
Batting: RHB António Magana
|
0-0: Called Strike 0-1: Ball 1-1: Ball 2-1: Ball 3-1: Base on Balls
|
Batting: RHB Dan Mason
|
0-0: Called Strike 0-1: Called Strike António Magana is caught stealing 2nd base 0-2: Ball 1-2: Ball 2-2: Foul Ball, location: 2F 2-2: SINGLE (Groundball, 34D)
|
Batting: RHB Justin Schultz
|
0-0: SINGLE (Line Drive, 78S) Dan Mason to second
|
Batting: RHB Franklin Shaw
|
0-0: Ball 1-0: Called Strike 1-1: Ball 2-1: Ball 3-1: Grounds into double play, 4-6-3 (Groundball, 4)
|
Top of the 2nd over - 0 run(s), 2 hit(s), 0 error(s), 1 left on base; Cape Cod 0 - Detroit 0 |
BOTTOM OF THE 2ND |
Detroit X-Wings batting - Pitching for Cape Cod Clams : RHP Alfredo Montero
|
Batting: SHB Mark Simmons
|
0-0: Swinging Strike 0-1: Called Strike 0-2: Strikes out swinging
|
Batting: RHB Reginaldo Jaconelli
|
0-0: Ball 1-0: Ball 2-0: Swinging Strike 2-1: Swinging Strike 2-2: SINGLE (Groundball, 5D)
|
Batting: RHB Enrique Ramírez
|
0-0: Called Strike 0-1: Ball 1-1: Ball 2-1: Foul Ball, location: 2F 2-2: Foul Ball, location: 2F 2-2: Grounds into double play, 6-4-3 (Groundball, 6M)
|
Bottom of the 2nd over - 0 run(s), 1 hit(s), 0 error(s), 0 left on base; Cape Cod 0 - Detroit 0 |
TOP OF THE 3RD |
Cape Cod Clams batting - Pitching for Detroit X-Wings : RHP Bernardo Hernández
|
Batting: SHB Ed Dale
|
0-0: Ball 1-0: Ground out 4-3 (Groundball, 4)
|
Batting: RHB John Pick
|
0-0: Ball 1-0: Foul Ball, location: 2F 1-1: Fly out, F8 (Flyball, 8LD)
|
Batting: LHB Willie Wallace
|
0-0: Ball 1-0: Called Strike 1-1: Called Strike 1-2: Fly out, F8 (Flyball, 8RXD)
|
Top of the 3rd over - 0 run(s), 0 hit(s), 0 error(s), 0 left on base; Cape Cod 0 - Detroit 0 |
BOTTOM OF THE 3RD |
Detroit X-Wings batting - Pitching for Cape Cod Clams : RHP Alfredo Montero
|
Batting: RHB Yoshitsune Kamida
|
0-0: Called Strike 0-1: Ball 1-1: Ball 2-1: Ground out 6-3 (Groundball, 6)
|
Batting: SHB Chris Byrd
|
0-0: Swinging Strike 0-1: Ball 1-1: Swinging Strike 1-2: Foul Ball, location: 2F 1-2: Ball 2-2: Strikes out swinging
|
Batting: RHB Gary Witt
|
0-0: Called Strike 0-1: SINGLE (Line Drive, 7S)
|
Batting: SHB Felipe Detorres
|
0-0: Called Strike 0-1: SINGLE (Groundball, 34S) (infield hit) Gary Witt to second
|
Batting: LHB Jeremy Cox
|
0-0: Fly out, F6 (Popup, 6)
|
Bottom of the 3rd over - 0 run(s), 2 hit(s), 0 error(s), 2 left on base; Cape Cod 0 - Detroit 0 |
TOP OF THE 4TH |
Cape Cod Clams batting - Pitching for Detroit X-Wings : RHP Bernardo Hernández
|
Batting: RHB Wilbert Rodgers
|
0-0: Ball 1-0: Called Strike 1-1: Fly out, F6 (Line Drive, 6M)
|
Batting: RHB Jesús Hernández
|
0-0: Foul Ball, location: 2F 0-1: Fly out, F2 (Popup, 25F)
|
Batting: RHB António Magana
|
0-0: Ball 1-0: Foul Ball, location: 2F 1-1: Foul Ball, location: 2F 1-2: Strikes out swinging
|
Top of the 4th over - 0 run(s), 0 hit(s), 0 error(s), 0 left on base; Cape Cod 0 - Detroit 0 |
BOTTOM OF THE 4TH |
Detroit X-Wings batting - Pitching for Cape Cod Clams : RHP Alfredo Montero
|
Batting: RHB Vincente Encarnación
|
0-0: Ground out 1-3 (Groundball, 13S)
|
Batting: SHB Mark Simmons
|
0-0: Fly out, F8 (Flyball, 78XD)
|
Batting: RHB Reginaldo Jaconelli
|
0-0: Ball 1-0: Ball 2-0: Foul Ball, location: 2F 2-1: Ball 3-1: Base on Balls
|
Batting: RHB Enrique Ramírez
|
0-0: Ball 1-0: Swinging Strike 1-1: Ball 2-1: Ball 3-1: Ground out 4-3 (Groundball, 4MS)
|
Bottom of the 4th over - 0 run(s), 0 hit(s), 0 error(s), 1 left on base; Cape Cod 0 - Detroit 0 |
TOP OF THE 5TH |
Cape Cod Clams batting - Pitching for Detroit X-Wings : RHP Bernardo Hernández
|
Batting: RHB Dan Mason
|
0-0: Bunt missed! 0-1: Ball 1-1: Foul Ball, location: 2F Reached via error on a dropped throw, E3
|
Batting: RHB Justin Schultz
|
0-0: Ball 1-0: Fly out, F8 (Flyball, 8RM)
|
Batting: RHB Franklin Shaw
|
0-0: Ball 1-0: Called Strike 1-1: Ball Dan Mason is caught stealing 2nd base 2-1: DOUBLE (Flyball, 9M)
|
Batting: SHB Ed Dale
|
0-0: Ball 1-0: Called Strike 1-1: Foul Ball, location: 2F 1-2: Strikes out looking
|
Top of the 5th over - 0 run(s), 1 hit(s), 1 error(s), 1 left on base; Cape Cod 0 - Detroit 0 |
BOTTOM OF THE 5TH |
Detroit X-Wings batting - Pitching for Cape Cod Clams : RHP Alfredo Montero
|
Batting: RHB Yoshitsune Kamida
|
0-0: Ball 1-0: Called Strike 1-1: Ball 2-1: SINGLE (Groundball, 4M)
|
Batting: SHB Chris Byrd
|
0-0: Ball 1-0: SINGLE (Line Drive, 56D) Yoshitsune Kamida to second
|
Batting: RHB Gary Witt
|
0-0: Ball 1-0: Called Strike 1-1: Ball 2-1: Ball 3-1: SINGLE (Flyball, 6MD) Yoshitsune Kamida to third Chris Byrd to second
|
Batting: SHB Felipe Detorres
|
0-0: Called Strike 0-1: Fly out, F5 (Popup, 5SF)
|
Batting: LHB Jeremy Cox
|
0-0: Called Strike 0-1: Fly out, F8 (Flyball, 78XD) Runner from 3rd tags up, SCORES, no throw Chris Byrd to third
|
Batting: RHB Vincente Encarnación
|
0-0: Ball 1-0: Called Strike Gary Witt steals 2nd base 1-1: Ball 2-1: Ball 3-1: Called Strike 3-2: Strikes out looking
|
Bottom of the 5th over - 1 run(s), 3 hit(s), 0 error(s), 2 left on base; Cape Cod 0 - Detroit 1 |
TOP OF THE 6TH |
Cape Cod Clams batting - Pitching for Detroit X-Wings : RHP Bernardo Hernández
|
Batting: RHB John Pick
|
0-0: Ball 1-0: Swinging Strike 1-1: Fly out, F8 (Flyball, 89D)
|
Batting: LHB Willie Wallace
|
0-0: Called Strike 0-1: Called Strike 0-2: Ball 1-2: SOLO HOME RUN (Line Drive, 9D), Distance : 392 ft
|
Batting: RHB Wilbert Rodgers
|
0-0: Swinging Strike 0-1: Swinging Strike 0-2: Foul Ball, location: 2F 0-2: Fly out, F8 (Flyball, 8LD)
|
Batting: RHB Jesús Hernández
|
0-0: Ball 1-0: Foul Ball, location: 2F 1-1: Ground out 6-3 (Groundball, 6)
|
Top of the 6th over - 1 run(s), 1 hit(s), 0 error(s), 0 left on base; Cape Cod 1 - Detroit 1 |
BOTTOM OF THE 6TH |
Detroit X-Wings batting - Pitching for Cape Cod Clams : RHP Alfredo Montero
|
Batting: SHB Mark Simmons
|
0-0: Foul Ball, location: 2F 0-1: SINGLE (Groundball, 4M)
|
Batting: RHB Reginaldo Jaconelli
|
0-0: Ball 1-0: Called Strike 1-1: Ball 2-1: Ball 3-1: Base on Balls Mark Simmons to second
|
Batting: RHB Enrique Ramírez
|
0-0: Ball 1-0: Foul Ball, location: 2F 1-1: Swinging Strike 1-2: Strikes out swinging
|
Pitching: RHP Anastasio Freitas
|
|
Batting: RHB Yoshitsune Kamida
|
0-0: Ball 1-0: Called Strike 1-1: Swinging Strike 1-2: Foul Ball, location: 2F 1-2: Ball 2-2: DOUBLE (Line Drive, 8RM) Mark Simmons scores Reginaldo Jaconelli to third
|
Batting: SHB Chris Byrd
|
0-0: Ball 1-0: Ball 2-0: Foul Ball, location: 2F 2-1: Ball 3-1: Base on Balls
|
Batting: RHB Gary Witt
|
0-0: Ball 1-0: Foul Ball, location: 2F 1-1: Ball 2-1: Foul Ball, location: 2F 2-2: Foul Ball, location: 2F 2-2: Ball 3-2: Ground out 4-3 (Groundball, 13) Reginaldo Jaconelli scores Yoshitsune Kamida to third Chris Byrd to second
|
Batting: SHB Felipe Detorres
|
0-0: Foul Ball, location: 2F 0-1: Called Strike 0-2: Ground out U3 (Groundball, 3L)
|
Bottom of the 6th over - 2 run(s), 2 hit(s), 0 error(s), 2 left on base; Cape Cod 1 - Detroit 3 |
TOP OF THE 7TH |
Cape Cod Clams batting - Pitching for Detroit X-Wings : RHP Bernardo Hernández
|
Batting: RHB António Magana
|
0-0: Foul Ball, location: 2F 0-1: Ground out 6-3 (Groundball, 6)
|
Batting: RHB Dan Mason
|
0-0: Ball 1-0: DOUBLE (Line Drive, 9LD)
|
Batting: RHB Justin Schultz
|
0-0: Ball 1-0: Ball 2-0: Called Strike 2-1: Ball 3-1: Called Strike 3-2: Fly out, F7 (Flyball, 7M)
|
Batting: RHB Franklin Shaw
|
0-0: Called Strike 0-1: SINGLE (Groundball, 4MD) Dan Mason to third Runner from 3rd tries for Home, SAFE, no throw or cutoff
|
Pitching: RHP Sam MacIntyre
|
|
Pinch Hitting: SHB Rob Grun
|
0-0: 2-RUN HOME RUN (Line Drive, 89XD), Distance : 401 ft
|
Batting: RHB John Pick
|
0-0: Called Strike 0-1: Ball 1-1: Ground out 5-3 (Groundball, 56)
|
Top of the 7th over - 3 run(s), 3 hit(s), 0 error(s), 0 left on base; Cape Cod 4 - Detroit 3 |
BOTTOM OF THE 7TH |
Detroit X-Wings batting - Pitching for Cape Cod Clams : RHP Anastasio Freitas
|
Pitching: LHP Javier Luna
|
|
Now at SS: Armando Vega
|
|
Batting: LHB Jeremy Cox
|
0-0: Called Strike 0-1: Foul Ball, location: 2F 0-2: Foul Ball, location: 2F 0-2: Ball 1-2: Strikes out swinging
|
Pitching: LHP José Santana
|
|
Batting: RHB Vincente Encarnación
|
0-0: Fly out, F9 (Flyball, 89M)
|
Batting: SHB Mark Simmons
|
0-0: Called Strike 0-1: Foul Ball, location: 2F 0-2: Ball 1-2: Strikes out looking
|
Bottom of the 7th over - 0 run(s), 0 hit(s), 0 error(s), 0 left on base; Cape Cod 4 - Detroit 3 |
TOP OF THE 8TH |
Cape Cod Clams batting - Pitching for Detroit X-Wings : RHP Sam MacIntyre
|
Batting: LHB Willie Wallace
|
0-0: Ball 1-0: Ball 2-0: Ball 3-0: Called Strike 3-1: Base on Balls
|
Batting: RHB Wilbert Rodgers
|
0-0: Ball 1-0: Called Strike 1-1: Ball 2-1: Foul Ball, location: 2F 2-2: Ball 3-2: Foul Ball, location: 2F 3-2: Foul Ball, location: 2F 3-2: Grounds into double play, 6-4-3 (Groundball, 6)
|
Batting: RHB Jesús Hernández
|
0-0: Ball 1-0: Called Strike 1-1: Foul Ball, location: 2F 1-2: Ball 2-2: Hit by Pitch
|
Batting: RHB António Magana
|
0-0: Foul Ball, location: 2F 0-1: Foul Ball, location: 2F 0-2: SINGLE (Groundball, 6MD) Jesús Hernández to second
|
Batting: RHB Dan Mason
|
0-0: Fielders Choice at 2nd, U6 (Groundball, 6M)
|
Top of the 8th over - 0 run(s), 1 hit(s), 0 error(s), 2 left on base; Cape Cod 4 - Detroit 3 |
BOTTOM OF THE 8TH |
Detroit X-Wings batting - Pitching for Cape Cod Clams : LHP José Santana
|
Pitching: RHP Juan Reyes
|
|
Batting: RHB Reginaldo Jaconelli
|
0-0: Ball 1-0: Called Strike 1-1: Ball 2-1: Foul Ball, location: 2F 2-2: Ground out 6-3 (Groundball, 6M)
|
Batting: RHB Enrique Ramírez
|
0-0: Foul Ball, location: 2F 0-1: SINGLE (Line Drive, 56D)
|
Pinch Hitting: RHB Diego Ocampo
|
0-0: Called Strike 0-1: Ball 1-1: Swinging Strike 1-2: Strikes out looking
|
Pinch Hitting: RHB Yasuoka Tanaka
|
0-0: Fly out, F4 (Line Drive, 4M)
|
Bottom of the 8th over - 0 run(s), 1 hit(s), 0 error(s), 1 left on base; Cape Cod 4 - Detroit 3 |
TOP OF THE 9TH |
Cape Cod Clams batting - Pitching for Detroit X-Wings : RHP Sam MacIntyre
|
Now at 3B: Jaime Montés
|
|
Now at SS: Yasuoka Tanaka
|
|
Batting: RHB Justin Schultz
|
0-0: Ball 1-0: Ground out 5-3 (Groundball, 5S)
|
Batting: RHB Franklin Shaw
|
0-0: SINGLE (Line Drive, 89S)
|
Pinch Hitting: SHB Andrés Díaz
|
0-0: Ball 1-0: Ball Wild Pitch! Franklin Shaw to second 2-0: Called Strike 2-1: Foul Ball, location: 2F 2-2: Ball 3-2: Ground out 6-3 (Groundball, 6)
|
Batting: RHB John Pick
|
0-0: Ground out 3-1 (Groundball, 34S)
|
Top of the 9th over - 0 run(s), 1 hit(s), 0 error(s), 1 left on base; Cape Cod 4 - Detroit 3 |
BOTTOM OF THE 9TH |
Detroit X-Wings batting - Pitching for Cape Cod Clams : RHP Juan Reyes
|
Pitching: RHP Masahiko Okada
|
|
Now at SS: Andrés Díaz
|
|
Batting: RHB Gary Witt
|
0-0: Ball 1-0: Ball 2-0: DOUBLE (Line Drive, 8RS)
|
Batting: SHB Felipe Detorres
|
0-0: Ball 1-0: Foul Ball, location: 2F 1-1: Fly out, F8 (Flyball, 8LM)
|
Batting: LHB Jeremy Cox
|
0-0: Foul Ball, location: 2F 0-1: Ball 1-1: Swinging Strike 1-2: Ball 2-2: SINGLE (Groundball, 4MD) Gary Witt to third Runner from 3rd tries for Home, SAFE, throw made home Jeremy Cox to second
|
Batting: RHB Vincente Encarnación
|
0-0: Fly out, F7 (Flyball, 78M)
|
Batting: SHB Mark Simmons
|
0-0: Ball 1-0: Foul Ball, location: 2F 1-1: Called Strike 1-2: Strikes out swinging
|
Bottom of the 9th over - 1 run(s), 2 hit(s), 0 error(s), 1 left on base; Cape Cod 4 - Detroit 4 |
TOP OF THE 10TH |
Cape Cod Clams batting - Pitching for Detroit X-Wings : RHP Sam MacIntyre
|
Pitching: LHP Denny Welch
|
|
Batting: LHB Willie Wallace
|
0-0: Ball 1-0: SINGLE (Line Drive, 34)
|
Batting: RHB Wilbert Rodgers
|
0-0: Ball 1-0: Swinging Strike 1-1: Ball 2-1: DOUBLE (Line Drive, 78XD) Willie Wallace to third
|
Batting: RHB Jesús Hernández
|
0-0: SINGLE (Groundball, 6) Willie Wallace scores Wilbert Rodgers to third Runner from 3rd tries for Home, throw and OUT!
|
Batting: RHB António Magana
|
0-0: Foul Ball, location: 2F 0-1: Ball 1-1: Ball 2-1: Fielders Choice at 2nd, 1-6 (Groundball, 15)
|
Now at SS: Albert Chávez
|
|
Batting: RHB Dan Mason
|
0-0: Ball 1-0: Ball António Magana steals 2nd base 2-0: Ball 3-0: Called Strike 3-1: Ground out 6-3 (Groundball, 6)
|
Top of the 10th over - 1 run(s), 3 hit(s), 0 error(s), 1 left on base; Cape Cod 5 - Detroit 4 |
BOTTOM OF THE 10TH |
Detroit X-Wings batting - Pitching for Cape Cod Clams : RHP Masahiko Okada
|
Batting: RHB Reginaldo Jaconelli
|
0-0: Called Strike 0-1: Called Strike 0-2: Strikes out swinging
|
Batting: RHB Enrique Ramírez
|
0-0: Foul Ball, location: 2F 0-1: Ball 1-1: Foul Ball, location: 2F 1-2: Ball 2-2: Foul Ball, location: 2F 2-2: Foul Ball, location: 2F 2-2: Ground out U3 (Groundball, 3S)
|
Batting: SHB Jaime Montés
|
0-0: Ball 1-0: Swinging Strike 1-1: Called Strike 1-2: Foul Ball, location: 2F 1-2: Strikes out looking
|
Bottom of the 10th over - 0 run(s), 0 hit(s), 0 error(s), 0 left on base; Cape Cod 5 - Detroit 4 |
|